 Dungeon Crawl Stone Soup version 0.26-a0-707-g31817bcca1 (webtiles) character file.

Game seed: 9165181300938853154

34 karrick the Chopper (level 3, 16/27 HPs)
             Began as a Demonspawn Gladiator on Oct 27, 2020.
             Quit the game on level 2 of the Dungeon.
             The game lasted 00:01:21 (1144 turns).

karrick the Chopper (Demonspawn Gladiator)          Turns: 1144, Time: 00:01:22

Health: 16/27      AC:  3    Str: 14    XL:     3   Next: 14%
Magic:  3/3        EV: 13    Int: 10    God:
Gold:   97         SH:  0    Dex: 14    Spells: 2/2 levels left

rFire    . . .     SeeInvis .   a - +0 war axe
rCold    . . .     Faith    .   (no shield)
rNeg     . . .     Spirit   .   b - +0 leather armour
rPois    .         Reflect  .   (helmet restricted)
rElec    .         Harm     .   (no cloak)
rCorr    .         Rampage  .   (no gloves)
MR       .....                  (no boots)
Stlth    +.........             (no amulet)
HPRegen  0.09/turn              (no ring)
MPRegen  0.08/turn              (no ring)

@: mildly poisoned (16 -> 12)
A: hooves 1, horns 1
a: no special abilities


You were on level 2 of the Dungeon.
You visited 1 branch of the dungeon, and saw 2 of its levels.

You collected 97 gold pieces.

Inventory:

Hand Weapons
 a - a +0 war axe (weapon)
Missiles
 d - 3 throwing nets (quivered)
Armour
 b - a +0 leather armour (worn)
 c - a +0 helmet
Scrolls
 e - a scroll of magic mapping {unknown}
 f - 3 scrolls of enchant armour {unknown}
 h - 2 scrolls of remove curse {unknown}
 j - a scroll of fear {unknown}
Potions
 g - 2 potions of curing {unknown}
 i - a potion of ambrosia {unknown}


   Skills:
 + Level 2.3 Fighting
 + Level 3.2 Axes
 + Level 1.9 Throwing
 + Level 0.4 Armour
 + Level 2.9 Dodging
 + Level 0.3 Stealth


You had 2 spell levels left.
You didn't know any spells.
Your spell library was empty.

Dungeon Overview and Level Annotations

Branches:
Dungeon (2/15)

Altars:


Innate Abilities, Weirdness & Mutations

You have large cloven feet.
You have a pair of small horns on your head.


Message History

Your experience leads to an increase in your attributes!
Increase (S)trength, (I)ntelligence, or (D)exterity?
You feel clever.
Your demonic ancestry asserts itself...
A pair of horns grows on your head!
Your +0 helmet falls away!
You feel sick.
Quiver which item? (- for none, * to show all) (? for menu, Esc to quit)
You don't have any such object.
Quiver which item? (- for none, * to show all) (? for menu, Esc to quit)
That's the wrong kind of item! (Use * to select it.) Quiver which item? (- for none, * to show all) (? for menu, Esc to quit)
You don't have any such object.
Quiver which item? (- for none, * to show all) (? for menu, Esc to quit)
Huh?
Quiver which item? (- for none, * to show all) (? for menu, Esc to quit)
You don't have any such object.
Quiver which item? (- for none, * to show all) (? for menu, Esc to quit)
That's the wrong kind of item! (Use * to select it.) Quiver which item? (- for none, * to show all) (? for menu, Esc to quit)
Okay, then.
Are you sure you want to abandon this character and quit the game? (Confirm with "yes".)

. #+
..####.##########
......>.##......#
.........#......#
.........#......#
.......@........#
....!..#........#####
....................#
.######.............#
#..........#####
#..............#
.....#..#######.#
..###....<......#
..###.....#######


There were no monsters in sight!

Vanquished Creatures
  An adder (D:2)
  A dart slug (D:1)
  A leopard gecko (D:1)
  6 bats
  2 giant cockroaches (D:1)
  2 goblins
  2 hobgoblins (D:1)
  3 frilled lizards (D:1)
  A kobold (D:1)
  3 rats
22 creatures vanquished.

Notes
Turn   | Place    | Note
-------+----------+-------------------------------------------
     0 | D:1      | karrick the Demonspawn Gladiator began the quest for the
                  | Orb.
     0 | D:1      | Reached XP level 1. HP: 16/16 MP: 1/1
   124 | D:1      | Gained mutation: You have large cloven feet. [demonic
                  | ancestry]
   124 | D:1      | Reached XP level 2. HP: 7/22 MP: 2/2
   127 | D:1      | Reached skill level 3 in Axes
  1143 | D:2      | Gained mutation: You have a pair of small horns on your
                  | head. [demonic ancestry]
  1143 | D:2      | Reached XP level 3. HP: 16/27 MP: 3/3
  1144 | D:2      | Quit the game

Illustrated notes

Levels and vault maps discovered:
D:1:      giann_wishing_wells, layout_basic
D:2:      layout_basic, lemuel_old_faithful

Skill      XL: |  1  2 |
---------------+-------+-----
Axes           | 3 |  3.2
Fighting       | |  2.3
Throwing       | |  1.9
Armour         | |  0.4
Dodging        | |  2.9
Stealth        | |  0.3

Action                   || total
-------------------------++-------
Melee: War axe           ||    55
       Kick              ||     5
Armor: Leather armour    ||    24
Dodge: Dodged            ||    73

Table legend: (Time is in decaauts)
 A = Elapsed time spent in this place.
 B = Non-inter-level travel time spent in this place.
 C = Inter-level travel time spent in this place.
 D = Time resting spent in this place.
 E = Time spent auto-exploring this place.
 F = Levels seen in this place.
 G = Mean time per level.
                   A        B        C        D        E       F      G
               +--------+--------+--------+--------+--------+-----+--------+
         Total |   1163 |   1137 |     26 |    190 |    797 |   2 |  581.5 |
       Dungeon |   1163 |   1137 |     26 |    190 |    797 |   2 |  581.5 |
               +--------+--------+--------+--------+--------+-----+--------+

Top non-repeatable levels by time:
     D:1: 1106 daAuts
     D:2: 56 daAuts
